Map: Inside and Out

Players

Nice - Winner!

  • Race: Protoss Protoss
  • League: Diamond
  • Spawn Location: 7:00

ShoWTimE

  • Race: Protoss Protoss
  • Spawn Location: 1:00

Event: HomeStory Cup XXII

VOD

Have the link to the VOD?

Description

Time

  • Played on: Dec. 15, 2022, 9:47 a.m.
  • Length: 7:26

All games in this series

Show
View Real Time Build Order
Export as new Build Order

Nice Protoss - Winner!

Build Orders: Blink Stalkers 

Get SALT Encoding   

  12  0:00  Probe  
  13  0:12  Probe  
  14  0:19  Pylon  
  14  0:24  Probe  
  15  0:37  Probe (Chrono Boost), Gateway  
  16  0:47  Probe (Chrono Boost), Assimilator  
  17  0:52  Probe (Chrono Boost)  
  18  1:03  Probe  
  19  1:11  Pylon  
  19  1:15  Probe  
  20  1:26  Zealot, Cybernetics Core  
  20  1:27  Probe  
  20  1:32  Pylon  
  23  1:38  Assimilator  
  23  1:39  Probe  
  24  1:51  Probe  
  25  2:00  Stalker (Chrono Boost)  
  25  2:01  Pylon  
  25  2:04  Warp Gate, Probe  
  28  2:16  Probe  
  28  2:20  Cybernetics Core, Stalker (Chrono Boost)  
  31  2:34  Shield Battery  
  31  2:51  Pylon  
  31  2:53  Pylon  
  31  2:58  Nexus  
  31  3:09  Probe  
  31  3:11  Stalker  
  34  3:21  Probe  
  34  3:22  Twilight Council  
  35  3:33  Gateway, Probe  
  36  3:45  Probe  
  37  3:53  Blink (Chrono Boost)  
  37  3:55  Stalker  
  38  3:57  Probe  
  39  4:09  Probe  
  40  4:12  Pylon  
  40  4:14  Probe  
  41  4:18  Stalker  
  41  4:26  Probe  
  41  4:27  Probe  
  43  4:31  Gateway  
  43  4:36  Stalker  
  45  4:42  Gateway  
  45  4:51  Stalker  
  47  5:04  Probe  
  47  5:05  Probe  
  47  5:09  Stalker  
  49  5:14  Stalker  
  49  5:17  Probe  
  49  5:18  Probe  
  53  5:24  Pylon  
  53  5:33  Stalker x2  
  55  5:36  Stalker  
  57  5:52  Stalker  
  59  5:57  Stalker  
  59  5:58  Stalker  
  63  6:07  Probe x2, Stalker  
  67  6:18  Pylon  
  67  6:21  Pylon  
  67  6:24  Pylon  
  65  6:35  Probe (Chrono Boost)  
  65  6:37  Stalker x3  
  65  6:38  Probe (Chrono Boost)  
  68  6:48  Probe (Chrono Boost)  
  68  6:49  Nexus  
  68  6:50  Probe (Chrono Boost)  
  68  6:53  Probe (Chrono Boost)  
  69  6:54  Probe (Chrono Boost)  
  69  7:00  Forge  
  71  7:02  Probe  
  71  7:04  Probe  
  73  7:14  Probe, Stalker  
Show
View Real Time Build Order
Export as new Build Order

ShoWTimE Protoss 

Build Orders: Oracle Opening 

Get SALT Encoding   

  12  0:00  Probe  
  13  0:12  Probe  
  14  0:17  Pylon  
  14  0:24  Probe (Chrono Boost)  
  15  0:36  Probe (Chrono Boost)  
  15  0:37  Gateway  
  16  0:45  Probe (Chrono Boost)  
  16  0:46  Assimilator  
  17  0:51  Probe  
  18  1:03  Probe (Chrono Boost)  
  19  1:11  Assimilator  
  19  1:13  Pylon  
  19  1:15  Probe (Chrono Boost)  
  20  1:21  Probe (Chrono Boost)  
  20  1:25  Cybernetics Core  
  21  1:29  Probe  
  22  1:33  Zealot  
  24  1:41  Probe  
  24  1:44  Pylon  
  25  1:53  Probe  
  26  2:05  Stargate  
  26  2:06  Adept  
  28  2:15  Warp Gate  
  28  2:21  Probe  
  29  2:24  Pylon  
  28  2:33  Probe  
  28  2:35  Shield Battery  
  28  2:36  Stalker  
  31  2:45  Probe  
  31  2:48  Oracle (Chrono Boost)  
  35  2:57  Probe  
  36  3:00  Pylon  
  36  3:09  Shield Battery, Probe  
  37  3:21  Nexus  
  37  3:24  Probe  
  38  3:28  Oracle (Chrono Boost)  
  41  3:37  Probe  
  42  3:42  Twilight Council  
  42  3:49  Probe  
  42  3:55  Gateway  
  43  4:02  Probe  
  44  4:07  Gateway  
  44  4:13  Blink (Chrono Boost)  
  44  4:14  Probe  
  45  4:26  Probe  
  45  4:27  Gateway  
  46  4:35  Probe  
  46  4:37  Stalker  
  49  4:39  Probe  
  50  4:47  Probe  
  50  4:49  Stalker  
  50  4:51  Probe  
  54  4:59  Probe  
  55  5:03  Probe  
  55  5:04  Stalker x2  
  60  5:11  Probe  
  60  5:13  Pylon  
  61  5:16  Assimilator  
  61  5:19  Probe  
  62  5:23  Pylon  
  62  5:33  Stalker x3  
  62  5:34  Stalker  
  70  5:45  Nexus  
  70  5:50  Probe x2  
  70  5:54  Pylon  
  70  6:07  Stalker x4  
  70  6:11  Shield Battery  
  70  6:21  Probe  
  70  6:22  Probe  
  70  6:30  Stalker x4  
  59  6:46  Probe x2  
  60  6:49  Forge  
  60  6:54  Stalker x4  
  64  6:58  Probe x2  
  70  7:06  Pylon  
  70  7:09  Nexus  
Tags
 
Composition
Blink Stalkers
League
Diamond
Matchup
PvP
Replay Pack
hsc22
Spawn Locations
Cross Positions
Add a new tag
Caveats
  • Supply blocks, unpowered buildings, or Contaminate may cause inaccurate times.
  • Supply counts are checked every 10 seconds.